 Dungeon Crawl Stone Soup version 0.24.0-1-gfbc8707122 (webtiles) character file.

Game seed: 14855787072456999882, levelgen mode: deterministic

2513 Fingolfin the Chopper (level 9, -1/75 HPs)
             Began as a Hill Orc Monk on Oct 26, 2019.
             Was an Elder of Trog.
             Slain by a killer bee (2 damage)
             ... on level 7 of the Dungeon.
             The game lasted 00:18:22 (6698 turns).

Fingolfin the Chopper (Hill Orc Monk)               Turns: 6698, Time: 00:18:23

Health: -1/75      AC: 17    Str: 17    XL:     9   Next: 53%
Magic:  22/22      EV:  8    Int: 10    God:    Trog [****..]
Gold:   116        SH:  0    Dex: 13    Spells: 8/8 levels left

rFire    . . .     SeeInvis .   a - +0 war axe
rCold    . . .     Gourm    .   (no shield)
rNeg     . . .     Faith    .   l - +0 chain mail
rPois    .         Spirit   .   r - +0 helmet
rElec    .         Reflect  .   j - +0 cloak
rCorr    .         Harm     .   (no gloves)
MR       .....                  g - +0 pair of boots {run}
Stlth    ..........             (no amulet)
HPRegen  0.22/turn              n - +4 ring of protection
MPRegen  0.18/turn              y - ring of magical power

@: lethally poisoned (-1 -> -27), berserk cooldown, slowed, very slow
A: no striking features
a: Berserk, Trog's Hand, Brothers in Arms, Renounce Religion


You were on level 7 of the Dungeon.
You worshipped Trog.
Trog was greatly pleased with you.
You were near starving.

You visited 1 branch of the dungeon, and saw 7 of its levels.

You collected 281 gold pieces.
You spent 165 gold pieces at shops.

Inventory:

Hand Weapons
 a - a +0 war axe (weapon)
Missiles
 o - 65 stones (quivered)
 p - 2 boomerangs
 t - 5 poisoned darts
 D - 23 bolts
Armour
 g - a +0 pair of boots of running (worn)
 j - a +0 cloak (worn)
 l - a +0 chain mail (worn)
 r - a +0 helmet (worn)
Jewellery
 n - a +4 ring of protection (left hand)
 y - a ring of magical power (right hand)
Wands
 c - a wand of random effects (14)
 x - a wand of polymorph (5)
 E - a wand of paralysis (16)
 I - a wand of flame (19)
Scrolls
 f - a scroll of enchant weapon
 q - a scroll of magic mapping
 s - 2 scrolls of noise
 u - a scroll of remove curse
 v - 6 scrolls of teleportation
 w - a scroll of amnesia {unknown}
 z - a scroll of immolation {unknown}
 A - 2 scrolls of random uselessness {unknown}
 B - 3 scrolls of enchant armour {unknown}
 C - a scroll of blinking {unknown}
Potions
 b - 5 potions of curing {unknown}
 e - 3 potions of mutation {unknown}
 h - a potion of berserk rage {unknown}
 i - a potion of haste {unknown}
 k - a potion of might {unknown}
 m - 5 potions of heal wounds {unknown}
 F - a potion of agility {unknown}
 G - a potion of degeneration {unknown}
 H - a potion of magic {unknown}
Comestibles
 d - 12 rations


   Skills:
 - Level 6.0 Fighting
 + Level 7.3 Axes
 - Level 6.3 Throwing
 - Level 4.1 Armour
 - Level 4.0 Dodging
 - Level 1.5 Stealth
 - Level 6.0 Evocations


You had 8 spell levels left.
You didn't know any spells.
Your spell library was empty.

Dungeon Overview and Level Annotations

Branches:
Dungeon (7/15)             Temple (0/1) D:4

Altars:
Dithmenos
Hepliaklqana
Makhleb
Nemelex Xobeh
Okawaru
Trog
Xom

Shops:
D:4 [:   D:5 %


Message History

The killer bee stings you but does no damage.
Unknown command.
You miss the killer bee. You completely miss the killer bee.
You hit the killer bee but do no damage.
You feel sick. The killer bee barely misses you. The killer bee stings you!
* * * LOW HITPOINT WARNING * * *
You are lethally poisoned!
The killer bee poisons you! The killer bee stings you!
* * * LOW HITPOINT WARNING * * *
The killer bee barely misses you.
The killer bee stings you but does no damage.
The killer bee barely misses you.
Your ogre completely misses the killer bee.
The killer bee stings you but does no damage. x3
The killer bee stings you.
* * * LOW HITPOINT WARNING * * *
You are more poisoned.
The killer bee poisons you!
Your ogre misses the killer bee. The killer bee stings you.
You die...

### #.#######
#(?.yyy.. #.#
#.# ####y####
#..y@y..#
#...O...#
#......<#
#.......#
###.......###
#....#.#.....#
#..>..........
#....###.###.#
###.## #.###.#


You could see 3 killer bees and a friendly ogre (berserk).

Vanquished Creatures
  Pikel (D:6)
  Prince Ribbit (D:5)
  Sigmund (D:6)
  Menkaure (D:6)
  Duvessa (D:6)
  4 slaves (D:6)
  An ogre (D:6)
  2 phantoms
  2 sky beasts (D:5)
  A centaur (D:5)
  A water moccasin zombie (D:6)
  Dowan (D:6)
  2 killer bees (D:7)
  4 crimson imps
  An orc priest (D:6)
  5 hounds
  A jelly (D:6)
  3 orc wizards (D:4)
  Natasha (thrice) (D:2)
  2 worker ants
  A hound zombie (D:5)
  A worker ant zombie (D:5)
  A howler monkey skeleton (D:4)
  Robin (D:2)
  5 gnolls
  10 adders
  An ooze (D:2)
  2 worms
  7 leopard geckos
  5 orcs
  2 giant cockroaches (D:6)
  13 goblins
  6 hobgoblins
  A quokka (D:6)
  2 ball pythons (D:5)
  A ball python skeleton (D:4)
  7 bats
  6 frilled lizards
  5 kobolds
  A leopard gecko zombie (D:6)
  5 rats
  A butterfly (D:4)
122 creatures vanquished.

Vanquished Creatures (others)
  An orc wizard (D:6)
1 creature vanquished.

Grand Total: 123 creatures vanquished

Notes
Turn   | Place    | Note
-------+----------+-------------------------------------------
     0 | D:1      | Fingolfin the Hill Orc Monk began the quest for the Orb.
     0 | D:1      | Reached XP level 1. HP: 19/19 MP: 1/1
    55 | D:1      | Reached XP level 2. HP: 17/28 MP: 2/2
   935 | D:1      | Reached XP level 3. HP: 33/35 MP: 3/3
  1016 | D:2      | Noticed Natasha
  1031 | D:2      | Killed Natasha
  1031 | D:2      | Reached skill level 5 in Fighting
  1172 | D:2      | Noticed Natasha
  1190 | D:2      | Killed Natasha
  1190 | D:2      | Reached XP level 4. HP: 11/44 MP: 4/4
  1275 | D:2      | Noticed Natasha
  1445 | D:2      | Killed Natasha
  1445 | D:2      | Reached skill level 1 in Armour
  1600 | D:2      | Found a faded altar of an unknown god.
  1653 | D:2      | Became a worshipper of Trog the Wrathful
  1653 | D:2      | Reached * piety under Trog
  1653 | D:2      | Reached ** piety under Trog
  1751 | D:2      | Reached XP level 5. HP: 47/50 MP: 5/5
  1765 | D:2      | Noticed Robin
  1790 | D:2      | Reached *** piety under Trog
  1793 | D:2      | Killed Robin
  2625 | D:3      | Reached XP level 6. HP: 47/57 MP: 6/6
  3154 | D:4      | Found a staircase to the Ecumenical Temple.
  3211 | D:4      | Found Yhec's Antique Armour Shop.
  3228 | D:4      | Reached skill level 1 in Throwing
  3497 | D:4      | Noticed a phantom
  3520 | D:4      | Killed a phantom
  3520 | D:4      | Reached **** piety under Trog
  3520 | D:4      | Reached XP level 7. HP: 63/63 MP: 7/7
  3620 | D:4      | Found Anakaxul's Book Emporium.
  3762 | D:5      | Entered Level 5 of the Dungeon
  4268 | D:5      | Reached XP level 8. HP: 68/70 MP: 8/8
  4352 | D:5      | Got a pair of encrusted boots
  4394 | D:5      | Reached skill level 5 in Throwing
  4402 | D:5      | Identified the cursed +0 pair of boots "Dyuwoh" {Int+4
                  | Dex+2 Slay-5 Stlth+} (You found it on level 5 of the
                  | Dungeon)
  4418 | D:5      | Found Keykhlont's Food Emporium.
  4449 | D:5      | Noticed Prince Ribbit
  4469 | D:5      | Killed Prince Ribbit
  4523 | D:4      | Bought a pair of embroidered boots for 165 gold pieces
  4528 | D:4      | Identified a +0 pair of boots of running (You bought it in
                  | a shop on level 4 of the Dungeon)
  4788 | D:5      | Reached skill level 1 in Evocations
  4968 | D:6      | Noticed Pikel
  5008 | D:6      | Killed Pikel
  5008 | D:6      | Reached skill level 5 in Evocations
  5008 | D:6      | Reached XP level 9. HP: 24/75 MP: 12/12
  5265 | D:6      | Noticed Menkaure
  5275 | D:6      | Killed Menkaure
  5524 | D:6      | Found a shimmering altar of Xom.
  5548 | D:6      | Noticed Dowan
  5557 | D:6      | Killed Dowan
  5592 | D:6      | Noticed Duvessa
  5601 | D:6      | Killed Duvessa
  5822 | D:6      | Reached skill level 5 in Axes
  5877 | D:6      | Found an iron altar of Okawaru.
  5877 | D:6      | Found a hazy altar of Hepliaklqana.
  5881 | D:6      | Found a shadowy altar of Dithmenos.
  5882 | D:6      | Found a sparkling altar of Nemelex Xobeh.
  5925 | D:6      | Noticed Sigmund
  5961 | D:6      | Killed Sigmund
  5961 | D:6      | Reached skill level 6 in Axes
  6224 | D:6      | Found a burning altar of Makhleb.
  6616 | D:7      | Reached skill level 7 in Axes
  6698 | D:7      | HP: 2/75 [killer bee (7)]
  6698 | D:7      | Slain by a killer bee

Levels and vault maps discovered:
D:1:      onia_arrival_mini_spirals, layout_basic, st_stairs_14
D:2:      layout_rooms, chequers_ecumenical_altar_island, uniq_robin,
          uniq_natasha
D:3:      layout_loops_ring, chequers_serial_rivers_small_3, minmay_hedge_maze
D:4:      layout_rooms, minmay_temple_entry_butterflies, serial_shops, shop,
          shop, first_ration, minmay_misc_feat_tower
D:5:      layout_cave_pools, serial_shops, shop, uniq_prince_ribbit1
D:6:      layout_loops_ring, minitemple, overflow_temple_1_default,
          gup_sewer_entry_bubbles, brannock_xom_greatest_gift, uniq_sigmund,
          uniq_pikel, uniq_duvessa, uniq_menkaure
D:7:      layout_basic, serial_shops, nicolae_shop_overgrown_old_shop,
          grunt_livestock, kennysheep_small_circle

Skill      XL: |  1  2  3  4  5  6  7  8  9 |
---------------+----------------------------+-----
Fighting       | 4 6 |  6.0
Armour         | 1 2 3 4 |  4.1
Dodging        | 3 4 |  4.0
Throwing       | 1 4 6 |  6.3
Evocations     | 5 6 |  6.0
Axes           | 7 |  7.3
Stealth        | |  1.5

Action                   |  1- 3 |  4- 6 |  7- 9 || total
-------------------------+-------+-------+-------++-------
Melee: Hand axe          |    56 |   259 |       ||   315
       War axe           |       |    13 |   405 ||   418
       Unarmed           |       |       |     4 ||     4
Throw: Stone             |       |       |     1 ||     1
Invok: Berserk           |       |     1 |     8 ||     9
       Brothers in Arms  |       |       |     2 ||     2
  Use: Scroll            |       |       |     6 ||     6
 Stab: Sleeping          |     1 |       |       ||     1
  Eat: Chunk             |     1 |     8 |    11 ||    20
       Ration            |       |       |     2 ||     2
Armor: Scale mail        |    21 |    26 |       ||    47
       Robe              |     1 |       |       ||     1
       Chain mail        |       |   143 |   410 ||   553
Dodge: Dodged            |    28 |   112 |   245 ||   385
